 Dungeon Crawl Stone Soup version 0.28-a0-1518-gbe868bca14 (webtiles) character file.

Game seed: 3666253279270972850

13983 horus123 the Demolition Hill Orc (level 12, -6/112 HPs)
             Began as a Hill Orc Monk on Jan 17, 2022.
             Was an Elder of Makhleb.
             Mangled by a spriggan (20 damage)
             ... on level 1 of the Lair of Beasts.
             The game lasted 00:26:46 (11426 turns).

horus123 the Demolition Hill Orc (Hill Orc Monk)   Turns: 11426, Time: 00:26:47

Health: -6/112     AC: 19    Str: 25    XL:     12   Next: 11%
Magic:  21/21      EV:  8    Int: 14    God:    Makhleb [****..]
Gold:   1071       SH:  0    Dex: 13    Spells: 11/11 levels left

rFire   . . .      SeeInvis .   i - +7 mace of the Equinox {flame, rPois Will+ Int+4}
rCold   + . .      Faith    .   L - orb {*Rage}
rNeg    . . .      Spirit   .   h - +2 plate armour
rPois   +          Reflect  .   l - +0 helmet
rElec   .          Harm     .   n - +0 cloak
rCorr   .          Rampage  .   (no gloves)
Will    +....      Rage     20% (no boots)
Stlth   ..........              g - amulet of regeneration
HPRegen 1.08/turn               p - ring of protection from cold
MPRegen 0.17/turn               H - +6 ring of strength

@: on berserk cooldown, slowed, very slow
A: no striking features
a: Renounce Religion, Minor Destruction, Lesser Servant of Makhleb, Major
Destruction


You were on level 1 of the Lair of Beasts.
You worshipped Makhleb.
Makhleb was greatly pleased with you.
You visited 3 branches of the dungeon, and saw 13 of its levels.

You collected 1071 gold pieces.

Inventory:

Hand Weapons
 a - a +0 hand axe
 i - the +7 mace of the Equinox (weapon) {flame, rPois Will+ Int+4}
   (You found it on level 5 of the Dungeon)

   It burns those it strikes, dealing additional fire damage.
   Int:       It affects your intelligence (+4).
   rPois:     It protects you from poison.
   Will:      It increases your willpower.
 m - a +4 war axe of flaming
Missiles
 d - 3 throwing nets
 f - 5 boomerangs
Armour
 b - a +0 robe
 e - a +0 ring mail
 h - a +2 plate armour (worn)
 j - a +0 chain mail
 l - a +0 helmet (worn)
 n - a +0 cloak (worn)
 L - an orb of wrath (worn)
Jewellery
 g - an amulet of regeneration (around neck)
 k - a ring of ice
 p - a ring of protection from cold (left hand)
 t - a ring of poison resistance
 B - a ring of protection from cold
 H - a +6 ring of strength (right hand)
 P - an amulet of reflection
 R - a ring of protection from fire
Wands
 q - a wand of iceblast (23)
 y - a wand of mindburst (3)
 F - a wand of acid (15)
 I - a wand of flame (10)
 Q - a wand of paralysis (2)
Scrolls
 c - a scroll of fog
 r - 3 scrolls of magic mapping
 s - a scroll of summoning
 v - 2 scrolls of immolation
 x - 3 scrolls of teleportation
 D - 3 scrolls of identify
 E - a scroll of amnesia
 N - a scroll of holy word {unknown}
Potions
 o - 3 potions of degeneration
 u - a potion of ambrosia
 w - 3 potions of brilliance
 z - 2 potions of curing
 A - 2 potions of invisibility {unknown}
 C - 2 potions of attraction {unknown}
 G - a potion of mutation {unknown}
 M - a potion of berserk rage {unknown}
 O - a potion of lignification
Miscellaneous
 J - a phantom mirror
 K - a phial of floods


   Skills:
 - Level 12.0 Fighting
 - Level 10.1(11.9) Axes
 - Level 8.7(10.2) Maces & Flails
 + Level 9.9 Armour
 - Level 2.4 Dodging
 - Level 1.5 Stealth
 - Level 12.1 Invocations


You had 11 spell levels left.
You didn't know any spells.
Your spell library contained the following spells:

 Spells                   Type           Power      Damage    Failure   Level
 Animate Skeleton         Necr           0%         N/A       96%         1
 Pain                     Necr           0%         1d4       96%         1
 Ensorcelled Hibernation  Hex/Ice        0%         N/A       99%         2
 Passwall                 Tmut/Erth      0%         N/A       99%         2
 Dazzling Flash           Conj/Hex       0%         N/A       100%        3
 Swiftness                Air            0%         N/A       100%        3
 Vampiric Draining        Necr           0%         2d6       100%        3
 Airstrike                Air            0%         N/A       100%        4
 Summon Lightning Spire   Summ/Air       0%         N/A       100%        4
 Agony                    Necr           0%         N/A       100%        5
 Lightning Bolt           Conj/Air       0%         1d11      100%        5
 Silence                  Hex/Air        0%         N/A       100%        5


Dungeon Overview and Level Annotations

Branches:
Dungeon (11/15)            Temple (1/1) D:4            Lair (1/6) D:9
    Orc: D:9-12

Altars:
Ashenzari
Cheibriados
Dithmenos
Fedhas
Gozag
Kikubaaqudgha
Makhleb
Nemelex Xobeh
Okawaru
Qazlal
Ru
Trog
Uskayaw
Vehumet
Wu Jian
Xom
Yredelemnul
Zin
The Shining One

Shops:
D:1 !   D:4 [

Annotations:
Lair:1 Thraspic's ghost, journeyman TrFi


Message History

The spriggan hits you with the +5 spear of Xom's Whim {elec, Contam rF+ Str+5 Int+2}!
You are electrocuted!
You are too injured to fight recklessly!
You are too injured to fight recklessly!
You are too injured to fight recklessly!
You are too injured to fight recklessly!
You are too injured to fight recklessly!
You thump Thraspic's ghost!
Thraspic's ghost is heavily damaged.
Thraspic's ghost hits you.
The spriggan hits you from afar with a +0 spear!
The spriggan hits you with the +5 spear of Xom's Whim {elec, Contam rF+ Str+5 Int+2}!
You are electrocuted!
* * * LOW HITPOINT WARNING * * *
You closely miss Thraspic's ghost.
Thraspic's ghost is heavily damaged.
You miss Thraspic's ghost.
Thraspic's ghost is heavily damaged.
Thraspic's ghost hits you but does no damage.
The spriggan hits you but does no damage.
The spriggan closely misses you.
You hit Thraspic's ghost but do no damage.
Thraspic's ghost is heavily damaged.
You sock Thraspic's ghost! You burn Thraspic's ghost.
Thraspic's ghost is severely damaged.
You are no longer berserk.
You are exhausted.
You feel yourself slow down.
Thraspic's ghost hits you but does no damage.
The spriggan hits you from afar with a +0 spear.
* * * LOW HITPOINT WARNING * * *
The spriggan hits you with the +5 spear of Xom's Whim {elec, Contam rF+ Str+5 Int+2}!
* * * LOW HITPOINT WARNING * * *
You feel better. Thraspic's ghost hits you.
* * * LOW HITPOINT WARNING * * *
The spriggan hits you from afar with a +0 spear.
* * * LOW HITPOINT WARNING * * *
The spriggan hits you but does no damage.
You are electrocuted!!
You die...

#..##.#......#####
##.
##..####....##♣♣♣♣♣♣♣
##.. ##..#
##...#♣♣.?...♣♣ #...
#..# ##..# ..♣♣...♣
##... ##.##
####♣♣..!W..♣ ###....
#..#
♣♣...♣♣..♣♣####.)....
##.##
♣...h♣ii♣.♣#.........
##..##
♣.###W###.♣###.......
#....# ###⌠@i.⌠##
#..).... #....##
##........# ##......
#..#..###......####
#P......
####P....#..(######
##......
.P#####.....##
#.>.... .##
###.....## #.P#...
..###....##..#
#####..
...#..#.####.## #..
.....#### #.#.## #P.


You could see 3 spriggans, a wolf and Thraspic's ghost.

Vanquished Creatures
  A hydra (D:10)
  The ghost of siradein the Thaumaturge, a journeyman DjFE of Makhleb (D:9)
  A two-headed ogre (D:8)
  A spriggan (Lair:1)
  An elephant (Lair:1)
  A cane toad (Lair:1)
  An unseen horror (D:11)
  The ghost of Xenoroth the Sneak, a novice OpBe of Trog (D:5)
  3 komodo dragons (Lair:1)
  Prince Ribbit (D:9)
  2 hornets
  8 blink frogs (Lair:1)
  A shadow (D:11)
  2 wraiths
  12 yaks
  4 wyverns
  2 vampires
  2 vampire mosquitoes (D:11)
  4 water moccasins
  2 acid dragons (D:10)
  An ice beast (D:6)
  5 black bears
  The ghost of drawgostyle the Poker, an amateur DDGl of Lugonu (D:4)
  4 necrophages
  3 ogres
  5 centaurs
  A phantom (D:5)
  2 kobold brigands (D:9)
  3 bullfrogs
  A wyvern zombie (D:5)
  3 scorpions
  5 killer bees (D:5)
  2 howler monkeys
  3 jellies
  2 orc priests
  2 bullfrog skeletons (D:6)
  3 hounds
  A bullfrog zombie (D:6)
  A gnoll shaman (D:8)
  3 iguanas
  14 orc wizards
  A hound skeleton (D:5)
  8 adders
  6 gnolls
  A howler monkey skeleton (D:7)
  4 worms
  2 dart slugs (D:2)
  32 orcs
  4 ball pythons (D:2)
  6 bats
  2 endoplasms (D:2)
  3 giant cockroaches
  7 goblins
  6 hobgoblins
  2 jackals (D:1)
  2 quokkas (D:1)
  3 frilled lizards (D:1)
  A goblin zombie (D:9)
  11 kobolds
  4 rats
221 creatures vanquished.

Vanquished Creatures (collateral kills)
  A troll (D:11)
  A howler monkey zombie (D:11)
2 creatures vanquished.

Vanquished Creatures (others)
  A human (D:9)
  An orc wizard (D:9)
  33 fungi
  30 plants
  2 withered plants (D:3)
67 creatures vanquished.

Grand Total: 290 creatures vanquished

Notes
Turn   | Place    | Note
-------+----------+-------------------------------------------
     0 | D:1      | horus123 the Hill Orc Monk began the quest for the Orb.
     0 | D:1      | Reached XP level 1. HP: 19/19 MP: 1/1
   150 | D:1      | Reached XP level 2. HP: 25/27 MP: 2/2
   336 | D:1      | Found Jietuzol's Distillery.
   650 | D:1      | Reached skill level 5 in Axes
  1024 | D:2      | Reached XP level 3. HP: 27/33 MP: 3/3
  1043 | D:1      | Reached skill level 1 in Armour
  1426 | D:1      | Reached XP level 4. HP: 19/40 MP: 4/4
  2140 | D:2      | Reached XP level 5. HP: 17/46 MP: 5/5
  2780 | D:3      | Found an ancient bone altar of Kikubaaqudgha.
  3017 | D:3      | Found a faded altar of an unknown god.
  3053 | D:3      | Found a stormy altar of Qazlal.
  3324 | D:4      | Noticed a black bear
  3351 | D:3      | Killed a black bear
  3352 | D:3      | Reached skill level 5 in Armour
  3352 | D:3      | Reached XP level 6. HP: 46/52 MP: 6/6
  3452 | D:4      | Noticed drawgostyle's ghost (amateur DDGl)
  3461 | D:4      | Found a runed translucent door.
  3548 | D:4      | Found a staircase to the Ecumenical Temple.
  3558 | D:4      | Found Giemiang's Armour Shoppe.
  3571 | Temple   | Entered the Ecumenical Temple
  3584 | Temple   | Became a worshipper of Makhleb the Destroyer
  3584 | Temple   | Reached * piety under Makhleb
  3584 | Temple   | Reached ** piety under Makhleb
  3649 | D:4      | Reached skill level 1 in Invocations
  3689 | D:4      | Found an opulent altar of Gozag.
  3787 | D:4      | Found a glowing golden altar of the Shining One.
  4075 | D:4      | Killed drawgostyle's ghost
  4076 | D:4      | Reached XP level 7. HP: 42/51 MP: 7/9
  4102 | D:5      | Entered Level 5 of the Dungeon
  4110 | D:5      | Noticed a hornet
  4133 | D:5      | Noticed Xenoroth's ghost (novice OpBe)
  4149 | D:5      | Found a transporter.
  4154 | D:5      | Found a transporter.
  4227 | D:5      | Reached skill level 5 in Invocations
  4411 | D:5      | Reached skill level 5 in Fighting
  4448 | D:5      | Reached XP level 8. HP: 68/68 MP: 12/12
  4487 | D:5      | Identified the +7 mace of the Equinox {flame, rPois Will+
                  | Int+4}
  4662 | D:5      | Noticed a two-headed ogre
  4846 | D:5      | Killed a hornet
  4853 | D:5      | Killed Xenoroth's ghost
  4854 | D:5      | Reached XP level 9. HP: 60/79 MP: 13/13
  4890 | D:5      | Reached skill level 10 in Axes
  4921 | D:6      | Found a radiant altar of Vehumet.
  5204 | D:6      | Reached *** piety under Makhleb
  5369 | D:6      | Reached skill level 1 in Maces & Flails
  6009 | D:7      | Found a glowing silver altar of Zin.
  6281 | D:8      | Reached skill level 5 in Maces & Flails
  6281 | D:8      | Reached XP level 10. HP: 77/86 MP: 14/14
  6476 | D:8      | Noticed a two-headed ogre
  6486 | D:8      | Killed a two-headed ogre
  7004 | D:9      | Found a runed translucent door.
  7007 | D:9      | Found a basalt altar of Yredelemnul.
  7385 | D:9      | Found a staircase to the Lair.
  7390 | D:9      | Noticed Prince Ribbit
  7434 | D:9      | Killed Prince Ribbit
  7436 | D:9      | Reached **** piety under Makhleb
  7596 | D:9      | Found a runed translucent door.
  7596 | D:9      | Noticed siradein's ghost (journeyman DjFE)
  8038 | D:9      | Killed siradein's ghost
  8087 | D:10     | Entered Level 10 of the Dungeon
  8110 | D:10     | Found a broken altar of Ashenzari.
  8138 | D:10     | Reached skill level 10 in Fighting
  8203 | D:10     | Reached XP level 11. HP: 99/99 MP: 16/16
  8372 | D:10     | Noticed a five-headed hydra
  8380 | D:10     | Killed a five-headed hydra
  8687 | D:10     | Reached skill level 10 in Invocations
  8752 | D:10     | Found a bloodstained altar of Trog.
 10053 | Lair:1   | Entered Level 1 of the Lair of Beasts
 10742 | Lair:1   | Reached XP level 12. HP: 112/112 MP: 21/21
 11036 | Lair:1   | Found a runed translucent door.
 11037 | Lair:1   | Noticed Thraspic's ghost (journeyman TrFi)
 11039 | Lair:1   | Identified the +5 spear of Xom's Whim {elec, Contam rF+
                  | Str+5 Int+2}
 11426 | Lair:1   | Mangled by a spriggan

Illustrated notes

Levels and vault maps discovered:
D:1:      saegor_arrival_fortress, layout_loops_ring, serial_shops, shop,
          corexii_leaking_fountain, minmay_pentomino_s4
D:2:      layout_rooms, minivault_25
D:3:      layout_basic, mainiacjoe_overflow_surrounded_room,
          kiku_gazebo_garden_becter, ebering_ecumenical_altar_abandoned
D:4:      layout_cave_pools, general_overflow_altar, tso_metal_star,
          minmay_temple_entry_ruins, serial_shops, nicolae_shop_trees,
          hellmonk_ghost_happy_afterlife
D:5:      layout_cave_pools, gammafunk_ghost_hive, minmay_crystal_water,
          lightli_corner_chamber
D:6:      layout_cave_pools, vehumet_crystals
D:7:      layout_loops_corners, zin_academy
D:8:      layout_loops_ring, hangedman_glass_teeth, dk_rats_in_the_wall
D:9:      layout_loops_ring, dk_yredelemnul_ordeal, due_lair_maze_entry_diamond,
          serial_co_window_serial, co_window_corner_a, co_window_paths_a,
          co_window_paths_b, co_window_of_opportunity_a, co_window_paths_a,
          co_window_of_opportunity_a, co_window_corner_a,
          co_window_of_opportunity_a, co_window_of_opportunity_a,
          co_window_2corner, co_window_corner_b, co_window_2corner,
          glass_columns_a, glass_columns_a, glass_columns_a,
          ebering_ghost_inner_flame, uniq_prince_ribbit1
D:10:     layout_irregular_city, nicolae_ashenzari_panopticon,
          amcnicky_altar_gilded, st_stairs_10, hex_tiny, minmay_strange_pillars
D:11:     layout_basic, moated_statue
Temple:   cyrus_circular_temple
Lair:1:   layout_cave_pods, serial_rivers, chequers_serial_rivers_small_3,
          chequers_serial_rivers_small_3, chequers_serial_rivers_micro_c,
          chequers_serial_rivers_micro_b, ebering_ghost_funeral_grove,
          wad_woods_river_01

Skill      XL: |  1  2  3  4  5  6  7  8  9 10 11 |
---------------+----------------------------------+-----
Fighting       | 4 5 7 10 12 | 12.0
Axes           | 5 6 9 10 | 10.1
Armour         | 2 3 5 8 9 |  9.9
Invocations    | 3 6 7 12 | 12.1
Maces & Flails | 5 8 |  8.7
Dodging        | |  2.4
Stealth        | |  1.5

Action                   |  1- 3 |  4- 6 |  7- 9 | 10-12 || total
-------------------------+-------+-------+-------+-------++-------
Melee: Hand axe          |   102 |    58 |       |       ||   160
       War axe           |       |   103 |   146 |    94 ||   343
       Punch             |       |     3 |     1 |     3 ||     7
       Mace              |       |       |    17 |   274 ||   291
Invok: Minor Destruction |       |       |    31 |    17 ||    48
       Lesser Servant of |       |       |       |     1 ||     1
       Major Destruction |       |       |       |     1 ||     1
  Use: Scroll            |       |    11 |     5 |     5 ||    21
       Potion            |       |     1 |     2 |     5 ||     8
 Stab: Sleeping          |     2 |       |       |       ||     2
Armor: Robe              |     6 |       |       |       ||     6
       Ring mail         |    23 |    23 |       |       ||    46
       Plate armour      |       |    86 |   210 |   249 ||   545
Dodge: Dodged            |    63 |    71 |    89 |   118 ||   341

Table legend: (Time is in decaauts)
 A = Elapsed time spent in this place.
 B = Non-inter-level travel time spent in this place.
 C = Inter-level travel time spent in this place.
 D = Time resting spent in this place.
 E = Time spent auto-exploring this place.
 F = Levels seen in this place.
 G = Mean time per level.
                   A        B        C        D        E       F      G
               +--------+--------+--------+--------+--------+-----+--------+
         Total |  11578 |  11021 |    557 |   1357 |   7420 |  13 |  890.6 |
       Dungeon |  10106 |   9556 |    550 |   1113 |   6401 |  11 |  918.7 |
        Temple |     23 |     16 |      7 |      0 |      0 |   1 |   23.0 |
          Lair |   1447 |   1447 |      0 |    243 |   1018 |   1 | 1447.0 |
               +--------+--------+--------+--------+--------+-----+--------+

Top non-repeatable levels by time:
     D:1: 1572 daAuts
  Lair:1: 1447 daAuts
     D:9: 1217 daAuts
     D:2: 1135 daAuts
    D:10: 1053 daAuts
     D:7: 878 daAuts
     D:5: 834 daAuts
     D:4: 809 daAuts
    D:11: 737 daAuts
     D:8: 698 daAuts
     D:3: 649 daAuts
     D:6: 519 daAuts
  Temple: 23 daAuts
